 Dungeon Crawl Stone Soup version 0.20.0-14-g326068f (webtiles) character file.

37 Chiseanne the Magician (level 3, 20/28 HPs)
             Began as a Demonspawn Wanderer on June 8, 2017.
             Quit the game on level 2 of the Dungeon.
             The game lasted 00:01:22 (896 turns).

Chiseanne the Magician (Demonspawn Wanderer)         Turns: 896, Time: 00:01:22

Health: 20/28      AC:  5    Str: 14    XL:     3   Next: 21%
Magic:  7/7        EV: 12    Int: 12    God:
Gold:   63         SH:  0    Dex: 12    Spells: 8/8 levels left

rFire    . . .     SeeInvis .   a - +2 mace
rCold    . . .     Gourm    .   (no shield)
rNeg     . . .     Faith    .   p - +0 leather armour
rPois    .         Spirit   .   (helmet restricted)
rElec    .         Reflect  .   (no cloak)
rCorr    .         Harm     .   (no gloves)
MR       .....                  (no boots)
Stlth    +.........             (no amulet)
Regen    0.1/turn               (no ring)
MPRegen  0.1/turn               (no ring)

@: mildly poisoned (20 -> 17)
A: antennae 1, yellow scales 1
a: no special abilities


You were on level 2 of the Dungeon.
You were not hungry.

You visited 1 branch of the dungeon, and saw 2 of its levels.

You collected 63 gold pieces.

Inventory:

Hand Weapons
 a - a +2 mace (weapon)
Missiles
 g - 37 sling bullets
 h - a stone (quivered)
 i - a throwing net {!*}
 m - 8 javelins
 q - 4 needles of confusion
Armour
 p - a +0 leather armour (worn)
Scrolls
 e - a scroll of identify {unknown}
 j - 2 scrolls of teleportation {unknown}
 l - a scroll of magic mapping {unknown}
 n - 6 scrolls of remove curse {unknown}
Potions
 c - a potion of lignification
 d - a potion of berserk rage {unknown}
 k - a potion of heal wounds {unknown}
 o - 2 potions of degeneration {unknown}
Books
 b - the Volume of Stones

   Spells                             Type                      Level
   a - Sandblast                      Earth                        1
   b - Stone Arrow                    Conjuration/Earth            3
Comestibles
 f - a bread ration


   Skills:
 * Level 2.8 Fighting
 - Level 1.0 Maces & Flails
 - Level 1.0 Throwing
 * Level 1.8 Dodging
   Level 1.0 Shields
 - Level 3.0 Spellcasting
   Level 1.1 Necromancy
   Level 1.0 Earth Magic


You had 8 spell levels left.
You didn't know any spells.

Dungeon Overview and Level Annotations

Branches:
Dungeon (2/15)

Altars:


Innate Abilities, Weirdness & Mutations

You have a pair of small antennae on your head.
You are partially covered in yellow scales. (AC +2)


Message History

The adder is heavily wounded.
The adder bites you. x2
You are poisoned.
The adder poisons you!
You miss the adder.
The adder is heavily wounded.
You feel sick. The adder barely misses you.
The adder bites you but does no damage.
You hit the adder.
The adder is almost dead.
The adder barely misses you.
You sock the adder!
You kill the adder!
You have reached level 3!
Your experience leads to an increase in your attributes!
Increase (S)trength, (I)ntelligence, or (D)exterity?
You feel agile.
Your demonic ancestry asserts itself...
A pair of antennae grows on your head!
You feel sick.
Are you sure you want to abandon this character and quit the game? (Confirm with "yes".)

#.......# #.......#
#.......# ##..###.## #<#
#..# #.# ##.# ##### ##
#.# #.###...## ...# ##†#
#........## .....##@.#
###.......#
##.....########.......#
..>....................#
#.....>....######.....##
#..........# #.......#
#..........# #.......#
#..........# #.......#
############ ##.....##
##...##


There were no monsters in sight!

Vanquished Creatures
  An adder (D:2)
  2 oozes
  2 giant cockroaches (D:1)
  4 goblins (D:1)
  4 kobolds (D:1)
  4 bats (D:1)
  A frilled lizard (D:2)
  3 rats (D:1)
21 creatures vanquished.

Notes
Turn   | Place    | Note
-------+----------+-------------------------------------------
     0 | D:1      | Chiseanne the Demonspawn Wanderer began the quest for the Orb.
     0 | D:1      | Chiseanne set off with: a +2 mace, the Volume of Stones, a potion of lignification, a +0 robe, a bread ration
     0 | D:1      | Reached XP level 1. HP: 16/16 MP: 4/4
     0 | D:1      | Identified the Volume of Stones
   166 | D:1      | Reached skill level 1 in Dodging
   166 | D:1      | Gained mutation: You are partially covered in yellow scales. (AC +2) [demonic ancestry]
   166 | D:1      | Reached XP level 2. HP: 19/23 MP: 6/6
   895 | D:2      | Gained mutation: You have a pair of small antennae on your head. [demonic ancestry]
   895 | D:2      | Reached XP level 3. HP: 21/28 MP: 7/7
   896 | D:2      | Quit the game

Skill      XL: |  1 |
---------------+----+-----
Dodging        | 1 |  1.8
Fighting       | |  2.8
Maces & Flails | |  1.0
Throwing       | |  1.0
Shields        | |  1.0
Spellcasting   | |  3.0
Necromancy     | |  1.1
Earth Magic    | |  1.0

Action                   || total
-------------------------++-------
Melee: Mace              ||    58
 Stab: Sleeping          ||     1
Armor: Robe              ||    21
       Leather armour    ||     1
Dodge: Dodged            ||    52
